 Dungeon Crawl Stone Soup version 0.19.1-1-g22dce08 (webtiles) character file.

73 spooks32 the Conjurer (level 4, 0/25 HPs)
             Began as a Tengu Conjurer on Jan 6, 2017.
             Was an Initiate of Vehumet.
             Killed from afar by Sigmund (3 damage)
             ... with a wand of flame
             ... on level 2 of the Dungeon.
             The game lasted 00:12:33 (2599 turns).

spooks32 the Conjurer (Tengu Conjurer)              Turns: 2599, Time: 00:12:35

Health: 0/25       AC:  3    Str:  8    XL:     4   Next: 27%
Magic:  8/8        EV: 12    Int: 16    God:    Vehumet [......]
Gold:   61         SH:  0    Dex: 15    Spells: 3 memorised, 0 levels left

rFire  . . .     SeeInvis .     f - +0 club
rCold  . . .     Gourm    .     n - +0 leather armour
rNeg   . . .     Faith    .     (no shield)
rPois  .         Spirit   .     (helmet restricted)
rElec  .         Reflect  .     (no cloak)
rCorr  .         Harm     .     (no gloves)
MR     .....                    (boots unavailable)
Stlth  ++........               (no amulet)
                                (no ring)
                                (no ring)

@: no status effects
A: beak, talons 3
a: Renounce Religion


You were on level 2 of the Dungeon.
You worshipped Vehumet.
Vehumet was noncommittal.
You were full.

You visited 1 branch of the dungeon, and saw 3 of its levels.

You collected 61 gold pieces.

Inventory:

Hand Weapons
 f - a +0 club (weapon)
 g - a +0 flail
 h - a +0 dagger
Armour
 a - a +0 robe
 n - a +0 leather armour (worn)
Potions
 d - 2 potions of brilliance
 e - a potion of degeneration {unknown}
 i - a potion of curing {unknown}
 j - 2 potions of heal wounds {unknown}
 m - a potion of mutation {unknown}
Books
 b - a book of Conjurations

   Spells                             Type                      Level
   a - Magic Dart                     Conjuration                  1
   b - Searing Ray                    Conjuration                  2
   c - Dazzling Spray                 Conjuration/Hexes            3
   d - Fulminant Prism                Conjuration/Hexes            4
   e - Iskenderun's Mystic Blast      Conjuration                  4
   f - Iskenderun's Battlesphere      Conjuration/Charms           5
Comestibles
 c - a bread ration
 k - 5 meat rations
 l - 7 chunks of flesh


   Skills:
 * Level 1.1 Fighting
 + Level 2.2 Dodging
 - Level 2.0 Stealth
 + Level 2.1 Spellcasting
 - Level 7.0 Conjurations


You couldn't memorise any spells.
You knew the following spells:

 Your Spells              Type           Power        Failure   Level  Hunger
a - Magic Dart            Conj           ###.         1%          1    #......
b - Searing Ray           Conj           ###...       2%          2    ###....
c - Iskenderun's Mystic   Conj           ###.....     17%         4    #####..


Dungeon Overview and Level Annotations

Branches:
Dungeon (3/15)

Altars:
Vehumet

Annotations:
D:2 Sigmund
D:3 Paps's ghost, amateur DsFi


Innate Abilities, Weirdness & Mutations

You have a beak for a mouth.
You have claws for feet.


Message History

You see here a flail.
g - a flail Paps's ghost closely misses you.
Paps's ghost hits you. Paps's ghost hits you.
Things that are here:
a hand axe; a scale mail You see here a ball python skeleton.
You see here a goblin corpse.
Paps's ghost keens inconsolably.
There is a stone staircase leading up here.
You can't go down here!
Paps's ghost barely misses you.
You climb upwards.
Level annotation: Sigmund Sigmund zaps a wand.
The puff of flame hits you!
Ouch! That really hurt!
* * * LOW HITPOINT WARNING * * *
Sigmund zaps a wand.
The puff of flame hits you!
You die...

###### #....################
#...@.....@..........
#########....................
#..............###.....######
##.#####.....#.# #.....#
#.###.#.###.#.###.....#
#.....#+###.#...#.....#
#####...........#.....#
#..........(......#
#..........###....#


You could see Sigmund.

Vanquished Creatures
  An adder (D:2)
  An ooze (D:1)
  A worm (D:2)
  2 dart slugs
  A leopard gecko (D:1)
  2 orcs (D:3)
  9 bats
  4 giant cockroaches
  4 goblins
  3 hobgoblins (D:1)
  2 jackals (D:1)
  6 kobolds
  3 quokkas (D:2)
  A ball python (D:3)
  2 frilled lizards (D:2)
  5 rats
47 creatures vanquished.

Notes
Turn   | Place    | Note
-------+----------+-------------------------------------------
     0 | D:1      | spooks32 the Tengu Conjurer began the quest for the Orb.
     0 | D:1      | Reached XP level 1. HP: 10/10 MP: 4/4
   181 | D:1      | Reached XP level 2. HP: 16/16 MP: 3/6
   525 | D:1      | Reached skill level 6 in Conjurations
   617 | D:1      | Learned a level 2 spell: Searing Ray
   937 | D:2      | Reached XP level 3. HP: 20/20 MP: 5/7
  1724 | D:1      | Reached skill level 7 in Conjurations
  2114 | D:2      | Reached XP level 4. HP: 23/24 MP: 4/8
  2124 | D:2      | Noticed Sigmund
  2182 | D:3      | Found a radiant altar of Vehumet.
  2227 | D:3      | Became a worshipper of Vehumet
  2292 | D:3      | Learned a level 4 spell: Iskenderun's Mystic Blast
  2367 | D:3      | Reached skill level 1 in Fighting
  2543 | D:3      | Noticed Paps's ghost (amateur DsFi)
  2599 | D:2      | Killed from afar by Sigmund

Skill      XL: |  1  2  3  4 |
---------------+-------------+-----
Conjurations   | 6 7 |  7.0
Fighting       | 1 |  1.1
Dodging        | |  2.2
Stealth        | |  2.0
Spellcasting   | |  2.1

Action                   |  1- 3 |  4- 6 || total
-------------------------+-------+-------++-------
Melee: Club              |    19 |     7 ||    26
       Kick              |     2 |     1 ||     3
 Cast: Magic Dart        |    50 |    15 ||    65
       Searing Ray       |    12 |     2 ||    14
  Use: Scroll            |     4 |     2 ||     6
 Stab: Sleeping          |     1 |       ||     1
  Eat: Chunk             |     2 |     1 ||     3
       Bread ration      |     1 |     1 ||     2
Armor: Robe              |    13 |       ||    13
       Leather armour    |       |     6 ||     6
Dodge: Dodged            |    44 |    23 ||    67
